 Dungeon Crawl Stone Soup version 0.30-a0-305-g026cb31310 (webtiles) character file.

Game seed: 10135989205931868387

140 Lobster4 the Magician (level 5, 0/38 HPs)
             Began as a Djinni Hedge Wizard on Oct 23, 2022.
             Slain by a phantom (5 damage)
             ... on level 4 of the Dungeon.
             The game lasted 00:09:10 (3739 turns).

Lobster4 the Magician (Djinni Hedge Wizard)         Turns: 3739, Time: 00:09:11

Health: 0/38       AC:  3    Str:  9    XL:     5   Next: 46%
Gold:   127        EV: 12    Int: 17    God:
                   SH:  0    Dex: 13

rFire   + + .      SeeInvis .    a - +0 whip (venom)
rCold   x . .      Faith    .    (no shield)
rNeg    . . .      Spirit   .    b - +0 robe
rPois   ∞          Reflect  .    c - +0 hat
rElec   .          Harm     .    (no cloak)
rCorr   .          Rampage  .    u - +0 pair of gloves
Will    .....                    (boots unavailable)
Stlth   ++........               (no amulet)
HPRegen 0.26/turn                (no ring)
MPRegen 0.00/turn                (no ring)

@: brilliant, flying
A: sickness immunity, fire resistance 2, cold vulnerability 1, float, innate
caster, HP casting, extra vitality 1
a: no special abilities


You were on level 4 of the Dungeon.
You visited 1 branch of the dungeon, and saw 4 of its levels.

You collected 127 gold pieces.

Inventory:

Hand Weapons
 a - a +0 whip of venom (weapon)
 e - a +0 dagger
 v - a +0 dagger of electrocution
 x - a +0 dagger of speed
Missiles
 f - 14 stones
 g - a boomerang
 i - 6 poisoned darts
Armour
 b - a +0 robe (worn)
 c - a +0 hat (worn)
 k - a +0 leather armour
 p - a +0 scale mail
 u - a +0 pair of gloves (worn)
Jewellery
 r - a ring of see invisible
Scrolls
 h - a scroll of noise
 j - a scroll of amnesia {unknown}
 l - a scroll of silence {unknown}
 m - a scroll of enchant armour {unknown}
 n - a scroll of magic mapping {unknown}
 o - a scroll of immolation {unknown}
 t - a scroll of poison {unknown}
Potions
 q - a potion of degeneration {unknown}
 s - a potion of curing
 w - 2 potions of might {unknown}


   Skills:
 - Level 2.0 Fighting
 + Level 2.1 Armour
 - Level 3.0 Dodging
 - Level 2.0 Stealth
 * Level 3.1 Spellcasting


You couldn't memorise any spells.
You knew the following spells:

 Your Spells              Type           Power      Damage    Failure   Level
a - Magic Dart            Conj           80%        1d7       4%          1
b - Slow                  Hex            80%        N/A       4%          1
c - Blink                 Tloc           40%        N/A       7%          2
d - Call Imp              Summ           20%        N/A       7%          2
e - Cigotuvi's Dreadful   Necr/Pois/Air  40%        N/A       7%          2
f - Mephitic Cloud        Conj/Pois/Air  20%        N/A       14%         3
g - Summon Small Mammal   Summ           80%        N/A       4%          1
h - Ensorcelled Hibernat  Hex/Ice        40%        N/A       7%          2
Your spell library was empty.

Dungeon Overview and Level Annotations

Branches:
Dungeon (4/15)
 Temple: D:4-7

Altars:


Innate Abilities, Weirdness & Mutations

You are immune to sickness and miasma.
You are immune to poison.
Your flesh is very heat resistant. (rF++)
You are vulnerable to cold. (rC-)
You float through the air rather than walking.
You learn spells naturally, not from books.
Your magical power is your life essence.
You have superior vitality. (+4 MHP)


Message History

Aim: a phantom (moderately damaged, 100% to hit)
You feel a surge of power!
The magic dart hits the phantom.
The phantom is heavily damaged.
* * * LOW HITPOINT WARNING * * *
The phantom misses you.
Casting: Magic Dart (safe; 4% risk of failure)
Confirm with . or Enter, or press ? or * to list all spells.
Aiming: Magic Dart (safe; 4% risk of failure)
Press: ? - help, Shift-Dir - straight line, f/p - phantom
Aim: a phantom (heavily damaged, 100% to hit)
You feel a surge of power!
The magic dart hits the phantom.
The phantom is heavily damaged.
* * * LOW HITPOINT WARNING * * *
The phantom misses you.
Casting: Magic Dart (safe; 4% risk of failure)
Confirm with . or Enter, or press ? or * to list all spells.
Aiming: Magic Dart (safe; 4% risk of failure)
Press: ? - help, Shift-Dir - straight line, f/p - phantom
Aim: a phantom (heavily damaged, 100% to hit)
You feel a surge of power!
The magic dart hits the phantom.
The phantom is severely damaged.
* * * LOW HITPOINT WARNING * * *
The phantom hits you.
* * * LOW HITPOINT WARNING * * *
You hit the phantom.
The phantom is severely damaged.
The phantom barely misses you.
Casting: Magic Dart (safe; 4% risk of failure)
Confirm with . or Enter, or press ? or * to list all spells.
Aiming: Magic Dart (safe; 4% risk of failure)
Press: ? - help, Shift-Dir - straight line, f/p - phantom
Aim: a phantom (severely damaged, 100% to hit)
You feel a surge of power!
The magic dart hits the phantom.
The phantom is severely damaged.
* * * LOW HITPOINT WARNING * * *
The phantom closely misses you.
You closely miss the phantom.
The phantom is severely damaged.
The phantom hits you.
You die...

#...#...##.#........#
###.#...##.####.###.#
#.....##.####.# #.#
###...##......# #.#
##.########## #.# #.########
#.# #.##.....# #.#######
#.##.....## #.......#
######.##.@..<.## #.##.##.#
#......##.W...#.###.##.##.#
#.#######....###.##.#..##.#
#.# ###.## ##.#.#.###.#
#.########.## ##..#.###.#
###.......###.## ##.#.......#
#.....###......###.####.#####
#.....###..####.#)## #.#
#......##..#####.## #.#####


You could see a phantom.

Vanquished Creatures
  5 adders
  An ufetubus (D:4)
  A worm (D:2)
  3 dart slugs
  8 orcs
  3 ball pythons
  5 bats
  5 endoplasms
  A giant cockroach (D:1)
  11 goblins
  5 hobgoblins
  4 jackals (D:2)
  5 quokkas
  3 frilled lizards
  5 kobolds
  A rat (D:1)
66 creatures vanquished.

Vanquished Creatures (others)
  A plant (D:3)
1 creature vanquished.

Grand Total: 67 creatures vanquished

Notes
Turn   | Place    | Note
-------+----------+-------------------------------------------
     0 | D:1      | Lobster4 the Djinni Hedge Wizard began the quest for the
                  | Orb.
     0 | D:1      | Lobster4 set off with the following spells memorised: Magic
                  | Dart, Slow, Blink, Call Imp, Cigotuvi's Dreadful Rot,
                  | Mephitic Cloud.
     0 | D:1      | Reached XP level 1. HP: 15/15 MP: 0/0
   280 | D:1      | Reached XP level 2. HP: 21/22 MP: 0/0
   599 | D:1      | You are sucked into a shaft and drop 1 floor!
   673 | D:2      | Reached XP level 3. HP: 23/26 MP: 0/0
   673 | D:2      | Learned a level 1 spell: Summon Small Mammal
   917 | D:2      | Reached skill level 1 in Fighting
   996 | D:2      | Reached skill level 1 in Armour
  1285 | D:2      | Reached XP level 4. HP: 23/32 MP: 0/0
  2548 | D:3      | Reached XP level 5. HP: 33/38 MP: 0/0
  2548 | D:3      | Learned a level 2 spell: Ensorcelled Hibernation
  2771 | D:3      | Found a faded altar of an unknown god.
  3097 | D:4      | Noticed an ogre
  3176 | D:4      | Noticed a phantom
  3739 | D:4      | Slain by a phantom

Illustrated notes

Levels and vault maps discovered:
D:1:      grunt_arrival_crossed_arrows, layout_loops_corners
D:2:      layout_basic, grunt_ministairs_6, minmay_indecisive_spiral
D:3:      layout_rooms, dreamdust_ecumenical_altar_angels_and_demons,
          chequers_big_river
D:4:      layout_loops_cross

Skill      XL: |  1  2  3  4  5 |
---------------+----------------+-----
Fighting       | 1 2 |  2.0
Stealth        | 2 |  2.0
Armour         | 1 2 |  2.1
Dodging        | 3 |  3.0
Spellcasting   | 3 |  3.1

Action                   |  1- 3 |  4- 6 || total
-------------------------+-------+-------++-------
Melee: Dagger            |     7 |     9 ||    16
       Punch             |     1 |       ||     1
       Whip              |       |    18 ||    18
 Cast: Magic Dart        |    94 |   140 ||   234
  Use: Potion            |       |     4 ||     4
       Scroll            |       |     3 ||     3
Armor: Robe              |     1 |    13 ||    14
Dodge: Dodged            |    11 |    57 ||    68

Table legend: (Time is in decaauts)
 A = Elapsed time spent in this place.
 B = Non-inter-level travel time spent in this place.
 C = Inter-level travel time spent in this place.
 D = Time resting spent in this place.
 E = Time spent auto-exploring this place.
 F = Levels seen in this place.
 G = Mean time per level.
                   A        B        C        D        E       F      G
               +--------+--------+--------+--------+--------+-----+--------+
         Total |   3740 |   3476 |    264 |    604 |   2204 |   4 |  935.0 |
       Dungeon |   3740 |   3476 |    264 |    604 |   2204 |   4 |  935.0 |
               +--------+--------+--------+--------+--------+-----+--------+

Top non-repeatable levels by time:
     D:2: 1542 daAuts
     D:1: 992 daAuts
     D:3: 890 daAuts
     D:4: 314 daAuts
